[Event "*** Titled Tuesday Blitz"]
[Site "Chess.com"]
[Date "2020.04.21"]
[Round "6"]
[White "DrBergerBerger"]
[Black "DishonorOnYourCow"]
[Result "1-0"]
[WhiteElo "2454"]
[BlackElo "2295"]
[TimeControl "180+1"]
[EndTime "11:11:07 PDT"]
[Termination "DrBergerBerger won on time"]

1. e4 e5 2. Nf3 Nc6 3. Bb5 Nf6 4. d3 Bc5 5. c3 O-O 6. O-O d6 7. h3 Bd7 8. Re1 a6 9. Ba4 Ba7 10. Nbd2 Ne7 11. Bc2 Ng6 12. Nf1 Re8 13. Ng3 c6 14. d4 Qc7 15. Be3 d5 16. dxe5 Nxe4 17. Nxe4 dxe4 18. Bxe4 Bxe3 19. Rxe3 Nxe5 20. Nxe5 Rxe5 21. Bxh7+ Kxh7 22. Rxe5 Qxe5 23. Qxd7 Qf4 24. g3 Qf3 25. Re1 b5 26. Re3 Qf6 27. Kg2 Rd8 28. Qe7 Qxe7 29. Rxe7 Rd2 30. Rxf7 Rxb2 31. Rc7 Rxa2 32. Rxc6 a5 33.
Rb6 Rb2 34. h4 a4 35. Ra6 Rb3 36. c4 bxc4 37. Rxa4 Rc3 38. Ra6 Rc2 39. Rc6 c3 40. g4 Rc1 41. h5 c2 42. g5 Kg8 43. g6 Kf8 44. Kf3 Rh1 45. Rxc2 Rxh5 46. Kg4 Rd5 47. f4 Ke7 48. Rc7+ Kf8 49. Rc6 Rd1 50. Kf5 Rd5+ 51. Ke6 Rd8 52. f5 Re8+ 53. Kd5 Rd8+ 54. Ke5 Ra8 55. Re6 Rd8 56. Kf4 Ra8 57. Kg5 Ra1 58. Rb6 Rg1+ 59. Kf4 Rf1+ 60. Ke5 Re1+ 61. Kd5 Rd1+ 62.
Ke6 Re1+ 63. Kd7 Rd1+ 64. Rd6 Rf1 65. Ke6 Re1+ 66. Kd7 Rf1 67. Rd5 Re1 68. Kd6 Rf1 69. Re5 Rd1+ 70. Ke6 Rd2 71. Ra5 Re2+ 72. Kd6 Rd2+ 73.
Rd5 Rf2 74. Ke6 Re2+ 75. Re5 Rd2 76. Re3 Rd1 77. f6 gxf6 78. Kxf6 Rd6+ 79. Kg5 Kg8 80.
Kh6 Rd8 81. Re7 Rc8 82. Rg7+ Kf8 83. Rh7 Rc1 84. Rh8+ Ke7 85. g7 Rh1+ 86. Kg6 Rg1+ 87. Kh7 Rh1+ 88. Kg8 Rb1 89. Rh2 Rb8+ 90. Kh7 1-0

[Event "*** Titled Tuesday Blitz"]
[Site "Chess.com"]
[Date "2020.04.21"]
[Round "6"]
[White "JonahWillow"]
[Black "Vice64"]
[Result "1-0"]
[WhiteElo "2752"]
[BlackElo "2524"]
[TimeControl "180+1"]
[EndTime "11:11:09 PDT"]
[Termination "JonahWillow won on time"]

1. e4 c5 2. Nf3 a6 3. d4 cxd4 4. Nxd4 e5 5. Nf3 Nc6 6. Nc3 Bb4 7. Bd3 Nf6 8. O-O Bxc3 9. bxc3 O-O 10. Bg5 d6 11. a4 h6 12. Bh4 Bg4 13. h3 Be6 14.
Rb1 Na5 15. Nh2 Rc8 16. Qd2 g5 17. Bg3 Nh5 18. Be2 Nf4 19. Bxf4 gxf4 20. Rfd1 Rc6 21. Bg4 Qc8 22. Bxe6 Qxe6 23. Qd5 b6 24. Ng4 Kg7 25. Rd3 h5 26. Nh2 Rfc8 27. Nf3 Qxd5 28. Rxd5 Kf6 29.
Nh4 Ke6 30. Nf5 Nc4 31. Rbd1 R8c7 32. g3 fxg3 33. fxg3 Rd7 34. g4 hxg4 35. hxg4 f6 36. Rb1 Na3 37. Rb3 Nc4 38. Kf2 Na5 39. Rb4 Rxc3 40. Rxb6 Rxc2+ 41. Kf3 Rc3+ 42. Kf2 Rc6 43. Rb8 Nc4 44. Re8+ Kf7 45. Rh8 Nb2 46. Rd2 Nxa4 47. Rh7+ Ke8 48. Ng7+ Kd8 49. Ne6+ Kc8 50. Rh8+ Kb7 51.
Nd8+ Rxd8 52. Rxd8 Nc5 53. Re2 Kc7 54. Rf8 Nd7 55. Ra2 Rc4 56. Rf7 Rc6 57. Kf3 Kd8 58. Rh7 Ke8 59. Rh8+ Ke7 60. Rh7+ Ke6 61. Rb2 Rc3+ 62.
Ke2 Nc5 63. Rb8 Nxe4 64. Ra8 Nc5 65. Kf2 Rc2+ 66. Ke3 Rc3+ 67. Kf2 Kd5 68. Rd8 Ne4+ 69. Ke2 Rc2+ 70. Kd3 Rc3+ 71. Ke2 Rg3 72. Rg7 Rg2+ 73. Kf3 Rg3+ 74. Ke2 f5 75. Ra8 fxg4 76. Rxa6 Nc5 77.
Ra5 Rc3 78. Kd2 Rg3 79. Ke2 Rg1 80. Ke3 g3 81. Ke2 g2 82. Kf2 Rf1+ 83. Kxg2 Rf4 84.
Kg3 Rf5 85. Rg8 Rf6 86. Rd8 e4 87. Re8 Kd4 88. Ra1 e3 89. Re1 Ne4+ 90. Kg4 Kd3 91. Rd1+ Nd2 92. Re1 Nc4 93. Rd1+ Nd2 94. Ra1 1-0

[Event "*** Titled Tuesday Blitz"]
[Site "Chess.com"]
[Date "2020.04.21"]
[Round "6"]
[White "Alexander_Donchenko"]
[Black "Shant_Sargsyan"]
[Result "0-1"]
[WhiteElo "2801"]
[BlackElo "2995"]
[TimeControl "180+1"]
[EndTime "11:11:14 PDT"]
[Termination "Shant_Sargsyan won by resignation"]

1. Nf3 Nf6 2. g3 g6 3. Bg2 Bg7 4. O-O O-O 5. d4 d6 6. b3 Ne4 7. Bb2 c5 8. c4 Nc6 9. Nbd2 Bf5 10. Nh4 Nxd2 11. Qxd2 Bd7 12. dxc5 Bxb2 13. Qxb2 dxc5 14. Rfd1 Qc7 15. Nf3 Rad8 16. Rd2 Bf5 17. Rad1 Rxd2 18. Rxd2 Be4 19. Ne1 Bxg2 20. Kxg2 a6 21. Qc3 Rc8 22.
h4 h5 23. Nf3 b6 24. Qe3 Kg7 25. Qe4 f6 26. Qe6 Nd8 27. Qd5 Nc6 28. Qe6 Qb7 29. Kg1 Rd8 30. Rd5 Rxd5 31. Qxd5 Qc7 32. Ne1 Nb4 33. Qd2 Qd6 34. Nd3 e5 35. a3 Nc6 36.
Qe3 Qd4 37. Qc1 Qe4 38. Qd2 Nd4 39. Nc1 Qf5 40. Kg2 a5 41. Qc3 Qe4+ 42. f3 Qf5 43.
Qd2 e4 44. Qe3 exf3+ 45. exf3 Qc2+ 46. Kh3 Nf5 47. Qf4 Qf2 48. Qc7+ Kh6 49. Qf4+ Kh7 50. Qc7+ Ng7 51. Qf4 Qg1 52. g4 Qf2 53. g5 f5 54.
b4 axb4 55. axb4 cxb4 56. Nb3 Qf1+ 57. Kg3 Ne6 58. Qd2 f4+ 59. Kh2 Qxf3 60. Qd7+ Ng7 61. Nd4 Qg3+ 62. Kh1 Qxh4+ 63. Kg1 Qxg5+ 64. Kf2 Qf6 65. Nb5 b3 66. Nd6 b2 67. Ne8 Qf8 68. Nxg7 Qxg7 69.
Qb5 b1=Q 70. Qxb1 Qd4+ 71. Kg2 Kh6 72. Kh3 Qe3+ 73. Kh2 Qg3+ 74. Kh1 f3 75. Qc1+ Qg5 76. Qf1 Qg2+ 77. Qxg2 fxg2+ 78. Kxg2 Kg5 79. Kh3 Kf4 80. Kh4 Ke4 81. Kg5 Kd4 82. c5 bxc5 0-1

[Event "*** Titled Tuesday Blitz"]
[Site "Chess.com"]
[Date "2020.04.21"]
[Round "6"]
[White "WonderChampion"]
[Black "Hippotaner"]
[Result "1-0"]
[WhiteElo "1815"]
[BlackElo "2225"]
[TimeControl "180+1"]
[EndTime "11:11:14 PDT"]
[Termination "WonderChampion won by resignation"]

1. e4 c5 2. Nf3 Nc6 3. Bb5 g6 4. O-O Bg7 5. c3 e5 6. d3 Nge7 7. Bxc6 Nxc6 8. Re1 O-O 9. Be3 d6 10. Nbd2 h6 11. Qc2 Be6 12. Rad1 b5 13. Nf1 Bg4 14. Qe2 Be6 15. Qc2 Rc8 16. Ng3 a5 17. Qd2 Kh7 18. b3 a4 19. bxa4 bxa4 20. Qc2 Qa5 21.
Bd2 Rb8 22. Rb1 a3 23. Rxb8 Rxb8 24. Rb1 Rb5 25. Ne2 Qb6 26. Rxb5 Qxb5 27. Bc1 Qa5 28. h3 f5 29. Nd2 f4 30. Nb3 Qa8 31. Nd2 g5 32. Kh2 h5 33. Nf3 Kg6 34. Qb1 Qb8 35. Qxb8 Nxb8 36. Bxa3 Bxa2 37. Nd2 Be6 38. Bb2 Nc6 39. Nb1 g4 40. hxg4 hxg4 41. Na3 Bf6 42. Nb5 Be7 43. Nc7 Bf7 44. Nb5 Na5 45. Ba3 Be8 46. Nc7 Bf7 47. Nb5 Be6 48. Nc7 Bb3 49. Nb5 Bd1 50. Nc1 Bc2 51. Bb2 Nb3 52. Nxb3 Bxb3 53.
d4 exd4 54. cxd4 c4 55. Bc3 Kf7 56. Na3 Bf6 57. Nb1 d5 58. e5 Be7 59. Nd2 Ke6 60.
Nxb3 cxb3 61. Bb2 Kf5 62. f3 g3+ 63. Kg1 Bb4 64. Kf1 Bd2 65. Ke2 Be3 66. Kd3 Ke6 67.
Kc3 Kf5 68. Kxb3 Ke6 69. Kb4 Bd2+ 70. Kc5 Be3 71. Bc3 Bf2 72. Bb4 Be3 73. Bc3 Bc1 74.
Kc6 Ba3 75. Kb5 Bc1 76. Kc5 Be3 77. Kc6 Bc1 78. Kc7 Be3 79. Kd8 Bc1 80. Ke8 Be3 81.
Kf8 Bc1 82. Kg7 Kf5 83. Kf7 Ba3 84. e6 Bd6 85. e7 Bxe7 86. Kxe7 Kg5 87. Kd6 Kf5 88.
Kxd5 Kf6 89. Ke4 Ke6 90. d5+ Kd6 91. Bb4+ 1-0

[Event "*** Titled Tuesday Blitz"]
[Site "Chess.com"]
[Date "2020.04.21"]
[Round "6"]
[White "Steven_Rojas"]
[Black "kungmongmanh"]
[Result "1/2-1/2"]
[WhiteElo "2438"]
[BlackElo "2589"]
[TimeControl "180+1"]
[EndTime "11:11:17 PDT"]
[Termination "Game drawn by repetition"]

1. c4 Nf6 2. Nc3 e6 3. e4 d6 4. d4 Be7 5. Be3 Nbd7 6. Bd3 e5 7. f3 O-O 8. Nge2 a6 9. Qd2 c6 10. d5 c5 11. O-O Rb8 12. a4 g6 13. Kh1 Nh5 14. g4 Ng7 15. Bh6 Re8 16. h3 Bh4 17. Nd1 f6 18. Ne3 Bg5 19. Bxg5 fxg5 20. b4 cxb4 21. Qxb4 Nc5 22. Bc2 Rf8 23. a5 Rf7 24.
Rab1 Qf8 25. Kg2 Ne8 26. Nc1 Nf6 27. Nd3 Nfd7 28. Qa3 Nxd3 29. Bxd3 Nc5 30. Rb6 Bd7 31. Be2 Qe7 32. Nd1 Rbf8 33. Nb2 Rf6 34. Nd3 Nxd3 35. Bxd3 Bc8 36. Be2 Qc7 37. Rc1 Qc5 38. Qxc5 dxc5 39. Rcb1 Kg7 40. Kf2 h5 41. Ke3 Rxb6 42. Rxb6 Rf6 43.
Rb1 h4 44. Bd1 Rd6 45. Ba4 Kf8 46. Bd1 Ke7 47. Kd2 Kd8 48. Ke3 Kc7 49. Ba4 Bd7 50. Bxd7 Rxd7 51. Rb6 Rd6 52. Rb2 Kc8 53. Ke2 Kc7 54. f4 gxf4 55. g5 b6 56. Kf3 bxa5 57.
Kg4 Rb6 58. Ra2 Rb4 59. Rxa5 Rxc4 60. Rxa6 Rxe4 61. Rxg6 Rd4 62. Rc6+ Kd7 63. g6 Rd3 64. Kf5 Rg3 65. Ra6 f3 66. Ra7+ Kd6 67. Ke4 f2 68. Rf7 Rxg6 69. Rxf2 Rg3 70. Rf6+ Kd7 71. Rh6 Rxh3 72.
Rh7+ Kd6 73. Rh6+ Kd7 74. Kxe5 Re3+ 75. Kf4 Rd3 76. Ke4 Rd4+ 77. Ke5 Kd8 78. Rh7 Ke8 79. Ke6 Kd8 80. Kd6 Ke8 81. Kc6 c4 82. d6 c3 83. d7+ Kd8 84. Rh8+ Ke7 85. Re8+ Kf7 86.
Re2 Rc4+ 87. Kd6 Rd4+ 88. Kc7 h3 89. d8=Q Rxd8 90. Kxd8 Kf6 91. Rh2 Ke5 92. Kd7 Kd4 93. Kd6 Kc4 94. Rxh3 c2 95. Rh8 Kd3 96. Rh1 Kd2 97.
Rh2+ Kd3 98. Rh3+ Kd2 99. Rh2+ Kd3 100. Rh1 Kd2 101. Rh2+ 1/2-1/2

[Event "*** Titled Tuesday Blitz"]
[Site "Chess.com"]
[Date "2020.04.21"]
[Round "6"]
[White "Shield12"]
[Black "IMTominho"]
[Result "0-1"]
[WhiteElo "2914"]
[BlackElo "2798"]
[TimeControl "180+1"]
[EndTime "11:11:22 PDT"]
[Termination "IMTominho won by resignation"]

1. e4 e5 2. Nf3 Nf6 3. Nc3 Nc6 4.
Bb5 Bb4 5. O-O O-O 6. d3 Nd4 7. Bc4 Bxc3 8. bxc3 Nc6 9. Bg5 h6 10. Bh4 Re8 11. Re1 d6 12. h3 Bd7 13. Nh2 Na5 14.
Bb3 Nxb3 15. cxb3 c5 16. Nf1 g5 17. Bg3 Kg7 18. Ne3 Be6 19. f3 Nh5 20. Bh2 Qf6 21.
Qd2 Rad8 22. Rad1 b6 23. d4 Nf4 24. Kh1 h5 25. Rf1 Kh7 26. Qf2 Rg8 27. Rd2 h4 28. Rfd1 Qe7 29. Qf1 Ng6 30. Qa6 Nf4 31. Qf1 Ng6 32. dxe5 dxe5 33. Nd5 Bxd5 34. Rxd5 f6 35. Qb5 Rxd5 36. Rxd5 Rd8 37. c4 Nf8 38. Qc6 Ne6 39. Rxd8 Nxd8 40. Qd5 Ne6 41. Bg1 Kg7 42. Be3 Kf7 43. Kg1 Ke8 44. Kf2 Qd7 45. Ke1 Ke7 46. Kd2 Qe8 47. Kc3 Qd7 48. a3 Qxd5 49. cxd5 Nc7 50. b4 cxb4+ 51. axb4 Ne8 52. b5 Nd6 53. Kb4 Kf7 54. Bc1 Kg6 55. Ba3 Kf7 56. Ka4 Nc4 57. Bc1 Nd6 58. Ba3 Nc4 59. Bc1 Ke7 60.
Kb3 Na5+ 61. Ka4 Nb7 62. Ba3+ Kd7 63. Bf8 Nd6 64. Kb4 Nc8 65. Kc4 Ke8 66. Bb4 Kd7 67.
Bf8 Nd6+ 68. Kb4 Nf7 69. Kb3 Ke8 70. Bb4 Nh8 71. Kc4 Kd7 72. Bf8 Ng6 73. Bb4 Nf4 74.
Bd2 Nxg2 75. Kd3 Kd6 76. Bb4+ Kd7 77. Bd2 Ke8 78. Ke2 Ke7 79. Kf2 Nf4 80. Bxf4 exf4 81. Ke2 Kd6 82. Kd3 Kc5 83. Kc3 Kxb5 84. Kd4 a5 85. e5 fxe5+ 86. Kxe5 a4 87. d6 a3 88. d7 a2 89. d8=Q a1=Q+ 90. Kf5 Qg1 91. Qd5+ Kb4 92.
Qd6+ Qc5+ 93. Qxc5+ bxc5 94. Kxg5 c4 95. Kxf4 c3 96.
Ke3 Kb3 97. f4 c2 0-1

[Event "*** Titled Tuesday Blitz"]
[Site "Chess.com"]
[Date "2020.04.21"]
[Round "6"]
[White "Treacherous_horse64"]
[Black "Hangar-18"]
[Result "1-0"]
[WhiteElo "2423"]
[BlackElo "2244"]
[TimeControl "180+1"]
[EndTime "11:11:24 PDT"]
[Termination "Treacherous_horse64 won by resignation"]

1. d4 Nf6 2. Nf3 g6 3. Nc3 Bg7 4. e4 d6 5. Bc4 O-O 6. Qe2 a6 7. e5 Ne8 8. Bg5 Qd7 9. O-O e6 10.
exd6 cxd6 11. Rfe1 b5 12. Bb3 Bb7 13. Ne4 Nc6 14. c3 Ne7 15. Rad1 Nd5 16. Qd2 f5 17. Ng3 Nec7 18. Bh6 Rae8 19. Bxg7 Qxg7 20. Re2 Qf6 21. Qg5 Qg7 22. Rde1 h6 23. Qd2 Re7 24. Bc2 Rfe8 25. b3 e5 26. dxe5 dxe5 27. Bxf5 Nf4 28. Be4 Nxe2+ 29.
Qxe2 Bxe4 30. Nxe4 Nd5 31. c4 Nf4 32. Qc2 Kh7 33.
g3 Ne6 34. Kg2 Nd4 35. Qd3 Rd8 36. Qc3 Kh8 37. c5 Rf7 38. Nfd2 Qf8 39. f3 Qe7 40. Rf1 Qe6 41. b4 Qd5 42. a3 Rdf8 43. Rf2 Kh7 44.
Qe3 Nc6 45. Nd6 Rf6 46. N2e4 Re6 47. h4 Qd4 48. Qe2 Re7 49. Qd2 Qxd2 50. Rxd2 Nd4 51. Rd3 Nf5 52. h5 gxh5 53. c6 Nxd6 54. Rxd6 Rc7 55. Nc5 Rfc8 56. Nxa6 Rxc6 57. Rd7+ Kg6 58. Nc5 R8c7 59. Rd8 Kf7 60. Rh8 Rd6 61. Rh7+ Kf6 62.
Rxc7 Rd2+ 63. Kh3 Ra2 64. Ne4+ Kf5 65. Ra7 Ra1 66. Rf7+ Ke6 67. Rf6+ Kd5 68. Ra6 Kc4 69. Nd6+ Kd3 70. Nf5 Ke2 71. Kg2 Ra2 72. Nxh6 Ke3+ 73.
Kh3 Kxf3 74. Rf6+ Ke3 75. Rb6 Rxa3 76. Rxb5 e4 77. Nf5+ Kf3 78. Nd4+ Ke3 79. Nc2+ Kf2 80. Nxa3 e3 81. Re5 e2 82. Rxe2+ Kxe2 83. b5 Kf3 84. b6 Kf2 85. Kh4 Kf3 86. Kxh5 Kf2 87. b7 Kf1 88. b8=Q 1-0

[Event "*** Titled Tuesday Blitz"]
[Site "Chess.com"]
[Date "2020.04.21"]
[Round "6"]
[White "smshk35"]
[Black "bait_or_mate"]
[Result "1/2-1/2"]
[WhiteElo "2349"]
[BlackElo "2515"]
[TimeControl "180+1"]
[EndTime "11:12:10 PDT"]
[Termination "Game drawn - insufficient material"]

1. e4 c5 2. Nf3 e6 3. d4 cxd4 4.
Nxd4 Nc6 5. Nc3 Qc7 6. g3 a6 7.
Bg2 Nf6 8. O-O h5 9. Bg5 Bc5 10. Nxc6 dxc6 11. Na4 Bd6 12. c4 c5 13. Qd3 Be5 14. Rad1 Bd4 15. Be3 e5 16. Bxd4 exd4 17. e5 Ng4 18. Rfe1 O-O 19. Bd5 Nxe5 20. Qe2 Ng4 21.
Qe7 Qa5 22. Nxc5 Qxa2 23. Ne4 Qxb2 24. Rd2 Qb6 25. Ng5 Qf6 26. Qxf7+ Qxf7 27. Nxf7 Nf6 28. Nd6+ Nxd5 29. cxd5 Rd8 30. Nxc8 Raxc8 31. Rxd4 Rd7 32. d6 Rc6 33. Re7 Rxe7 34. dxe7 Re6 35. Rd7 Kf7 36. Rxb7 Rxe7 37. Rb6 Re6 38. Rb7+ Kf6 39. h4 g6 40. Ra7 Rc6 41. Kg2 Rb6 42. Kf3 Rc6 43. Kf4 Rc4+ 44. Kf3 Ra4 45. Ra8 Ra3+ 46. Ke2 Ra2+ 47. Ke3 Kf7 48. Ra7+ Kf6 49. Ra8 Kf5 50. Rf8+ Ke6 51. Rg8 Kf7 52. Ra8 a5 53. Ra7+ Kf6 54. Ra6+ Kf5 55. Ra8 Ra3+ 56. Ke2 Ra2+ 57. Kf3 Ra3+ 58.
Ke2 a4 59. Ra5+ Kf6 60. Ra6+ Kf7 61. f3 Ra2+ 62. Ke3 a3 63. Kf4 Ra1 64. g4 hxg4 65. fxg4 Rf1+ 66. Kg5 Rb1 67. Rxa3 Rb5+ 68. Kf4 Kf6 69.
Kg3 Kf7 70. Rf3+ Kg7 71. Rf4 Rb3+ 72. Rf3 Rb5 73. Re3 Rb4 74. Rd3 Rb7 75. Rc3 Ra7 76.
Rc6 Rb7 77. Rc4 Ra7 78. Kf4 Rb7 79. Kg5 Rb5+ 80. Kf4 Rb7 81. Rc5 Ra7 82. Kg5 Rb7 83. Rc6 Rb5+ 84. Kf4 Rb7 85. Rc5 Ra7 86. Kg5 Rb7 87.
h5 gxh5 88. Kxh5 Ra7 89. Rc6 Rb7 90. g5 Ra7 91. Rg6+ Kh7 92. Rb6 Kg7 93. Kg4 Rc7 94. Kf5 Ra7 95. Rg6+ Kf7 96. Rf6+ Kg7 97. Kg4 Rb7 98. Rf4 Ra7 99. Kh5 Rb7 100. Re4 Ra7 101. Rg4 Rb7 102. Rf4 Ra7 103. Re4 Rb7 104. Rd4 Ra7 105.
Kg4 Rb7 106. Rd5 Ra7 107. Kf5 Rb7 108. Rc5 Ra7 109. Rb5 Rc7 110. g6 Ra7 111. Kg5 Rc7 112. Rd5 Ra7 113. Rc5 Rb7 114. Re5 Ra7 115. Re3 Ra5+ 116. Kf4 Kxg6 117. Rg3+ Kf6 118. Re3 Ra4+ 119. Re4 Rxe4+ 120. Kxe4 1/2-1/2

[Event "*** Titled Tuesday Blitz"]
[Site "Chess.com"]
[Date "2020.04.21"]
[Round "6"]
[White "Problematique_99"]
[Black "Roenko_Artur"]
[Result "1/2-1/2"]
[WhiteElo "2513"]
[BlackElo "2281"]
[TimeControl "180+1"]
[EndTime "11:12:39 PDT"]
[Termination "Game drawn by repetition"]

1. e4 e6 2. d4 d5 3. exd5 exd5 4. Nf3 Bd6 5. c4 c6 6. Nc3 Nf6 7. cxd5 Nxd5 8. Be2 O-O 9. O-O Bg4 10. Qb3 Qd7 11. Ne4 Re8 12. Nxd6 Qxd6 13. Bc4 Bxf3 14. Qxf3 b5 15. Bb3 Nd7 16. Bg5 N7f6 17. Rfe1 Qb4 18. Rxe8+ Rxe8 19. h3 Qxd4 20. Rd1 Qxb2 21. Bxf6 Qxf6 22.
Bxd5 cxd5 23. Qxf6 gxf6 24. Rxd5 a6 25. Rd6 Re6 26.
Rd8+ Kg7 27. Kf1 Rc6 28. Rd2 Rc1+ 29. Ke2 Rc4 30. Kd3 Ra4 31. Kc3 f5 32. Kb3 Kg6 33. Rd6+ f6 34. g3 h5 35. h4 a5 36. Rd5 Rb4+ 37.
Kc3 Rb1 38. a3 a4 39. Rc5 Rb3+ 40. Kc2 Rxa3 41. Rxb5 Ra2+ 42. Kd3 Rxf2 43. Ke3 Ra2 44. Ra5 Ra3+ 45. Kf4 Ra1 46. Kf3 a3 47. Kg2 a2 48.
Kh2 Kf7 49. Ra6 Ke7 50. Kg2 Kd7 51. Kh2 Kc7 52. Kg2 Kb7 53. Ra3 Kb6 54. Kh2 Kb5 55.
Kg2 Kb4 56. Ra8 Kb3 57. Rb8+ Kc3 58. Ra8 Kd3 59. Rd8+ Ke4 60. Re8+ Kd5 61. Rd8+ Ke6 62. Ra8 f4 63. gxf4 Kf5 64. Ra4 Kg4 65. Kh2 Kf3 66. Ra3+ Kxf4 67. Ra4+ Kf5 68. Ra5+ Kg4 69. Ra4+ Kf5 70.
Ra5+ Kg6 71. Ra4 f5 72. Ra6+ Kf7 73. Kg2 Ke7 74. Kh2 Kd7 75. Kg2 Kc7 76. Kh2 Kb7 77. Ra3 Kc6 78. Ra5 Kb6 79. Ra3 Kb5 80. Ra8 Kc4 81.
Ra4+ Kd3 82. Kg2 Ke3 83. Ra3+ Ke4 84. Ra4+ Ke3 85. Ra3+ Kd4 86. Ra4+ Kc3 87. Ra8 f4 88.
Rc8+ Kb3 89. Rb8+ Kc4 90. Rc8+ Kd5 91. Rd8+ Ke5 92. Ra8 Kf5 93. Ra5+ Kg4 94. Kh2 Kxh4 95. Kg2 Kg4 96. Kh2 h4 97. Kg2 h3+ 98. Kh2 Kh4 99. Ra4 Kg4 100. Ra3 Kg5 101. Ra5+ Kf6 102. Ra3 f3 103. Rxf3+ Ke5 104. Ra3 Kd5 105. Ra8 Kc5 106. Rc8+ Kb6 107. Ra8 Kc6 108. Ra3 Kb5 109. Ra8 Kb4 110. Rb8+ Kc5 111.
Rc8+ Kd6 112. Ra8 Kc7 113. Ra3 Kb7 114. Rb3+ Kc6 115. Ra3 Kd5 116. Ra8 Kc4 117. Rc8+ Kd3 118. Rd8+ Kc2 119. Rc8+ Kb3 120. Rb8+ Kc4 121. Ra8 Kd4 122. Rd8+ Kc4 123. Rc8+ Kd4 124. Rd8+ Ke3 125. Ra8 Kf2 126. Rf8+ Ke3 127. Ra8 Kd4 128. Rd8+ 1/2-1/2

[Event "*** Titled Tuesday Blitz"]
[Site "Chess.com"]
[Date "2020.04.21"]
[Round "6"]
[White "GMKrikor"]
[Black "enriquetejedor"]
[Result "1-0"]
[WhiteElo "2727"]
[BlackElo "2519"]
[TimeControl "180+1"]
[EndTime "11:14:31 PDT"]
[Termination "GMKrikor won on time"]

1. e4 c5 2. Nf3 Nc6 3. Bb5 e6 4.
O-O d6 5. Bxc6+ bxc6 6. e5 d5 7.
d3 Ba6 8. Nbd2 c4 9. dxc4 Ne7 10. Re1 Bxc4 11. Nxc4 dxc4 12. Qe2 Qd5 13. Bf4 Ng6 14. Bg3 Be7 15. Rad1 Qb5 16. c3 c5 17. Rb1 Rd8 18. Nd2 Rd3 19. Red1 h5 20. h3 h4 21. Bh2 O-O 22.
Nxc4 Rd5 23. b3 Rfd8 24. Qf3 Qa6 25. a4 Qb7 26. Rxd5 exd5 27. Nd6 Bxd6 28. exd6 Re8 29. c4 Re4 30. cxd5 Qxd5 31. Qd1 Rd4 32. Qf1 Nf4 33.
Bxf4 Rxf4 34. Qa6 Rd4 35. Rf1 Qxb3 36. Qxa7 Rxd6 37. Qxc5 Rg6 38. Qc8+ Kh7 39. Qf5 Qb7 40. f3 Qa7+ 41. Kh1 Qxa4 42. Qxf7 Qc2 43. Rg1 Rf6 44.
Qh5+ Rh6 45. Qg4 Qc6 46. Kh2 Qc7+ 47. Kh1 Qf7 48. Qe4+ Kh8 49. Re1 Rh5 50. Qe3 Rf5 51. Qe4 Rf4 52. Qe5 Kh7 53. Qg5 Qf6 54. Qh5+ Qh6 55. Qe5 Rf6 56. Qe4+ Rg6 57. Qe2 Qg5 58. Rf1 Qf5 59. Rg1 Rg3 60. Rf1 Rg6 61. Qf2 Qg5 62.
f4 Qh5 63. f5 Rf6 64. Qf4 Kh8 65. Rf3 Rf8 66. Qe4 Rf6 67. Rf4 Kg8 68. Qc4+ Qf7 69.
Qe4 Rh6 70. Rf3 Rf6 71. Kh2 Qc7+ 72. Kh1 Qf7 73. Rf4 Rh6 74. Rxh4 Rxh4 75. Qxh4 Qxf5 76.
Qg3 Qb1+ 77. Kh2 Qb7 78. Qf4 Qd7 79. h4 Qb5 80. Qg3 Qc4 81. Qg5 Kh8 82. g3 Qa2+ 83. Kh3 Qb1 84. Qf4 Qh1+ 85. Kg4 Qd1+ 86. Kg5 Qd8+ 87.
Kg4 Qd7+ 88. Qf5 Qd1+ 89. Kg5 Qd2+ 90. Qf4 Qd8+ 91. Kg6 Qd3+ 92. Kh5 Qd5+ 93. Kg4 Qe6+ 94. Kf3 Qc6+ 95. Kf2 Qc3 96. Qe3 Qc2+ 97. Kf3 Qc8 98. Qf4 Qc3+ 99. Qe3 Qc8 100. Qe4 Qb8 101. g4 Qf8+ 102. Qf4 Qd8 103. Kg3 Qd3+ 104. Qf3 Qd6+ 105. Kh3 Qd2 106. g5 g6 107. Kg4 Qd7+ 108. Kg3 Qd6+ 109. Qf4 Qd3+ 110. Qf3 Qd6+ 111. Kg2 Qd2+ 112. Qf2 Qd5+ 113. Kg3 Qd6+ 114. Qf4 Qd3+ 115. Kg4 Qe2+ 116. Qf3 Qe6+ 117. Kf4 Qd6+ 118. Ke4 Qc6+ 119. Ke3 Qb6+ 120. Ke2 Qb5+ 121. Qd3 Qe5+ 122. Qe3 Qh2+ 123. Kd3 Qxh4 124. Qe8+ Kg7 125. Qe7+ Kg8 126. Qe6+ Kg7 127. Qf6+ Kh7 128. Ke3 Qg3+ 129. Ke4 Qg4+ 130. Ke5 Qd7 131. Ke4 Qb7+ 132. Ke5 Qa7 133. Ke6 Qa2+ 134. Ke7 Qa3+ 135. Kf7 Qf8+ 136. Ke6 Qc8+ 137. Ke7 Qc7+ 138. Ke8 Qc8+ 139. Qd8 Qc2 140. Qe7+ Kh8 141. Qf6+ Kh7 142. Qf7+ Kh8 143. Qf6+ Kh7 144. Ke7 Qc5+ 145. Ke8 Qc8+ 146. Qd8 Qc3 147. Ke7 Qg7+ 148. Ke6 Qa1 149. Qe7+ Kg8 150. Qd8+ Kh7 151. Qf6 Qa2+ 152. Ke7 Qa7+ 153. Kf8 Qb8+ 154. Kf7 Qg8+ 155. Ke7 Qa8 156. Qf7+ Kh8 157. Qf8+ Qxf8+ 158. Kxf8 Kh7 159. Kf7 Kh8 160. Kxg6 Kg8 161. Kh6 Kh8 162. g6 Kg8 163. g7 Kf7 164. Kh7 1-0

[Event "*** Titled Tuesday Blitz"]
[Site "Chess.com"]
[Date "2020.04.21"]
[Round "7"]
[White "whogeeyao"]
[Black "EnergeticHay"]
[Result "0-1"]
[WhiteElo "2338"]
[BlackElo "2226"]
[TimeControl "180+1"]
[EndTime "11:16:36 PDT"]
[Termination "EnergeticHay won by resignation"]

1. e4 c5 2. Nf3 d6 3. d4 cxd4 4.
Nxd4 Nf6 5. Nc3 a6 6. Bg5 e6 7. f4 h6 8. Bh4 Be7 9. Qf3 Nbd7 10. O-O-O Qc7 11. f5 e5 12. Nde2 b5 13. Bxf6 Nxf6 14. Nd5 Nxd5 15. exd5 Bg5+ 16. Kb1 Bb7 17. h4 Bd8 18.
Nc3 Rc8 19. Ne4 Qxc2+ 0-1

[Event "*** Titled Tuesday Blitz"]
[Site "Chess.com"]
[Date "2020.04.21"]
[Round "7"]
[White "lupta_robin"]
[Black "TastyFrenchFries"]
[Result "1-0"]
[WhiteElo "2534"]
[BlackElo "2381"]
[TimeControl "180+1"]
[EndTime "11:16:47 PDT"]
[Termination "lupta_robin won by resignation"]

1. e4 e6 2. d4 d5 3. Nd2 Nf6 4. e5 Nfd7 5. Ngf3 c5 6. c3 Nc6 7.
Bd3 Be7 8. O-O g5 9. dxc5 Ndxe5 10. Nxe5 Nxe5 11. Bb5+ Bd7 12. Bxd7+ Nxd7 13. b4 O-O 14. Nf3 f5 15. Re1 g4 16. Nd4 e5 17. Ne6 Qe8 1-0

[Event "*** Titled Tuesday Blitz"]
[Site "Chess.com"]
[Date "2020.04.21"]
[Round "7"]
[White "MichailovM"]
[Black "DonBroca"]
[Result "1-0"]
[WhiteElo "2289"]
[BlackElo "2105"]
[TimeControl "180+1"]
[EndTime "11:16:47 PDT"]
[Termination "MichailovM won by resignation"]

1. e4 c5 2. Nf3 d6 3. d4 cxd4 4.
Nxd4 Nf6 5. Nc3 g6 6. Be3 Bg7 7. f3 O-O 8. Qd2 Nc6 9. O-O-O d5 10. Qe1 e5 11. Nxc6 bxc6 12. exd5 cxd5 13. Bg5 Be6 14. Bc4 d4 15. Bxe6 fxe6 16. Qxe5 Nd5 17. Qxe6+ 1-0

[Event "*** Titled Tuesday Blitz"]
[Site "Chess.com"]
[Date "2020.04.21"]
[Round "7"]
[White "arjwezhrtdrz"]
[Black "patzerplay"]
[Result "0-1"]
[WhiteElo "2159"]
[BlackElo "2356"]
[TimeControl "180+1"]
[EndTime "11:17:04 PDT"]
[Termination "patzerplay won by resignation"]

1. e4 c5 2. c3 Nf6 3. e5 Nd5 4. Nf3 Nc6 5. d4 cxd4 6. cxd4 d6 7. Bc4 e6 8. O-O Be7 9. Qe2 O-O 10. Rd1 Bd7 11. h3 Re8 12. Bxd5 exd5 13. Nc3 Be6 14. Bf4 dxe5 15. Bxe5 Nxe5 16. Nxe5 Bg5 17. Qg4 0-1

[Event "*** Titled Tuesday Blitz"]
[Site "Chess.com"]
[Date "2020.04.21"]
[Round "7"]
[White "Igrok3069"]
[Black "Kavyev_Ruslan"]
[Result "1-0"]
[WhiteElo "2785"]
[BlackElo "2596"]
[TimeControl "180+1"]
[EndTime "11:17:41 PDT"]
[Termination "Igrok3069 won by resignation"]

1. d4 f6 2. e4 e6 3. Nf3 c5 4. Nc3 b6 5. Bc4 Bb7 6. O-O cxd4 7. Nxd4 Bc5 8. Ndb5 d6 9. Bxe6 Ne7 10. Nd5 Nxd5 11.
exd5 Nd7 12. c3 a6 13. Nd4 Qe7 14. Nf5 Qf8 15. b4 g6 16. Bh6 1-0

[Event "*** Titled Tuesday Blitz"]
[Site "Chess.com"]
[Date "2020.04.21"]
[Round "7"]
[White "littleozy"]
[Black "Tashik"]
[Result "0-1"]
[WhiteElo "2405"]
[BlackElo "2549"]
[TimeControl "180+1"]
[EndTime "11:17:41 PDT"]
[Termination "Tashik won by resignation"]

1. d4 Nf6 2. Nc3 d5 3. Bg5 Nbd7 4. f3 c5 5. dxc5 e6 6. e4 Bxc5 7. exd5 Qb6 8. Nge2 Bf2+ 9. Kd2 h6 10. Na4 Qa5+ 0-1

[Event "*** Titled Tuesday Blitz"]
[Site "Chess.com"]
[Date "2020.04.21"]
[Round "7"]
[White "Lagmantr"]
[Black "EddieMarsalla"]
[Result "1-0"]
[WhiteElo "2720"]
[BlackElo "2538"]
[TimeControl "180+1"]
[EndTime "11:17:45 PDT"]
[Termination "Lagmantr won by resignation"]

1. e4 c6 2. d4 d5 3. Nc3 dxe4 4. Nxe4 Nf6 5. Nxf6+ exf6 6. c3 Bd6 7. Bd3 Be6 8.
Qc2 Qc7 9. Ne2 Nd7 10. Be3 g6 11. O-O-O Qa5 12. a3 O-O-O 13. c4 Nf8 14. d5 Bd7 15. c5 Bb8 16. Bd2 Qc7 17. d6 1-0

[Event "*** Titled Tuesday Blitz"]
[Site "Chess.com"]
[Date "2020.04.21"]
[Round "7"]
[White "Bulldog167"]
[Black "Saxar85"]
[Result "1-0"]
[WhiteElo "2784"]
[BlackElo "2604"]
[TimeControl "180+1"]
[EndTime "11:17:50 PDT"]
[Termination "Bulldog167 won by resignation"]

1. d4 g6 2. c4 Bg7 3. e4 d6 4. Nc3 Nc6 5. Nge2 Nf6 6. f3 O-O 7. Be3 a6 8. Qd2 Na5 9. Nc1 Bd7 10. Nb3 Nxb3 11. axb3 b5 12. Be2 e5 13. d5 c5 14.
dxc6 Bxc6 15. O-O b4 16. Na4 Nh5 17. Rfd1 Qh4 18. Bg5 1-0